 Dungeon Crawl Stone Soup version 0.27.1-2-g3b301248ec (webtiles) character file.

Game seed: 7556820142311217828

49 snilloc10 the Stinger (level 3, -6/26 HPs)
             Began as a Demonspawn Venom Mage on Sept 22, 2021.
             Splashed by Ijyb's acid (14 damage)
             ... on level 3 of the Dungeon.
             The game lasted 00:06:56 (1704 turns).

snilloc10 the Stinger (Demonspawn Venom Mage)       Turns: 1704, Time: 00:07:06

Health: -6/26      AC:  2    Str:  8    XL:     3   Next: 53%
Magic:  5/6        EV: 12    Int: 17    God:
Gold:   81         SH:  0    Dex: 13    Spells: 3/6 levels left

rFire    . . .     SeeInvis .   d - +4 dagger
rCold    . . .     Faith    .   (no shield)
rNeg     . . .     Spirit   .   a - +0 robe
rPois    .         Reflect  .   (no helmet)
rElec    .         Harm     .   (no cloak)
rCorr    .         Rampage  .   (no gloves)
Will     .....                  (no boots)
Stlth    ++........             (no amulet)
HPRegen  0.08/turn              (no ring)
MPRegen  0.10/turn              (no ring)

@: no status effects
A: powered by death 1
a: no special abilities


You were on level 3 of the Dungeon.
You visited 1 branch of the dungeon, and saw 3 of its levels.

You collected 81 gold pieces.

Inventory:

Hand Weapons
 b - a +0 spear
 d - a +4 dagger (weapon)
Armour
 a - a +0 robe (worn)
Scrolls
 f - a scroll of magic mapping
 g - a scroll of acquirement {unknown}
Potions
 c - a potion of invisibility
 e - a potion of curing


   Skills:
 + Level 1.1 Fighting
 + Level 0.8 Short Blades
 + Level 2.1 Dodging
 + Level 2.2 Stealth
 + Level 2.3 Spellcasting
 - Level 0.8 Transmutations
 + Level 3.3 Poison Magic


You had 3 spell levels left.
You knew the following spells:

 Your Spells              Type           Power      Damage    Failure   Level
a - Sting                 Tmut/Pois      36%        1d4       8%          1
b - Poisonous Vapours     Pois/Air       14%        N/A       14%         2

Your spell library contained the following spells:

 Spells                   Type           Power      Damage    Failure   Level
 Passwall                 Tmut/Erth      2%         N/A       24%         2
 Mephitic Cloud           Conj/Pois/Air  5%         N/A       34%         3
 Swiftness                Air            1%         N/A       50%         3
 Olgreb's Toxic Radiance  Pois           13%        N/A       43%         4
 Invisibility             Hex            0%         N/A       100%        6


Dungeon Overview and Level Annotations

Branches:
Dungeon (3/15)

Altars:

Annotations:
D:3 Ijyb


Innate Abilities, Weirdness & Mutations

You regenerate a little health from kills.


Message History

Found a scroll labelled CASSEU INIE.
f - a scroll labelled CASSEU INIE
Found a scroll of identify.
h - a scroll of identify Done exploring.
Done exploring.
Things that are here:
a +0 dagger; 3 stones You see here a jackal corpse.
There is a stone staircase leading down here.
As you read the scroll of identify, it crumbles to dust.
f - a scroll of magic mapping Done exploring.
Done exploring.
You climb downwards.
Ijyb shouts!
Found 29 sling bullets.
There is a stone staircase leading up here.
Casting: Poisonous Vapours (safe; 14% risk of failure)
Confirm with . or Enter, or press ? or * to list all spells.
Aiming: Sting (safe; 8% risk of failure)
Press: ? - help, Shift-Dir - straight line, f - hound skeleton
Aim: a hound skeleton (85% to hit)
The sting hits the hound skeleton.
The hound skeleton partially resists.
The hound skeleton is lightly damaged.
You barely miss the hound skeleton.
The hound skeleton is lightly damaged.
The hound skeleton bites you but does no damage.
You hit the hound skeleton.
The hound skeleton is moderately damaged.
A rat comes into view.
The hound skeleton bites you.
You hit the hound skeleton.
The hound skeleton is moderately damaged.
The hound skeleton closely misses you.
Ijyb zaps a wand.
The bolt of acid hits you!
Ouch! That really hurt!
You are splashed with acid!
Ouch! That really hurt!
You die...

### ...
#..
###..####
.....g..#
r#.....Z#
.(.....@#
........#
........#
#.......#
#.......#
........#
.#......#
########


You could see Ijyb, a rat and a hound skeleton.

Vanquished Creatures
  An adder (D:2)
  3 worms (D:2)
  3 dart slugs (D:2)
  An endoplasm (D:2)
  2 giant cockroaches
  3 hobgoblins (D:2)
  2 jackals (D:2)
  4 kobolds (D:2)
  2 ball pythons (D:2)
  3 bats (D:2)
  2 rats (D:2)
26 creatures vanquished.

Notes
Turn   | Place    | Note
-------+----------+-------------------------------------------
     0 | D:1      | snilloc10 the Demonspawn Venom Mage began the quest for the
                  | Orb.
     0 | D:1      | Reached XP level 1. HP: 13/13 MP: 3/3
    95 | D:1      | You fall into a shaft and drop 1 floor!
   589 | D:2      | Gained mutation: You regenerate a little health from kills.
                  | [demonic ancestry]
   589 | D:2      | Reached XP level 2. HP: 19/20 MP: 5/5
   925 | D:2      | Reached XP level 3. HP: 25/25 MP: 3/6
   969 | D:2      | Reached skill level 1 in Fighting
   995 | D:2      | Learned a level 2 spell: Poisonous Vapours
  1700 | D:3      | Noticed Ijyb
  1704 | D:3      | Splashed by Ijyb's acid

Illustrated notes

Levels and vault maps discovered:
D:1:      dpeg_arrival_houses_and_road, layout_loops_corners,
          ebering_ecumenical_altar_webs
D:2:      minmay_thinvault, layout_loops_ring, chequers_serial_rivers_micro_e
D:3:      layout_rooms, uniq_ijyb

Skill      XL: |  1  2  3 |
---------------+----------+-----
Stealth        | 2 |  2.2
Dodging        | 2 |  2.1
Fighting       | 1 |  1.1
Short Blades   | |  0.8
Spellcasting   | |  2.3
Transmutations | |  0.8
Poison Magic   | |  3.3

Action                   || total
-------------------------++-------
Melee: Dagger            ||    80
       Spear             ||     6
 Cast: Sting             ||     7
       Poisonous Vapours ||     8
  Use: Scroll            ||     3
 Stab: Sleeping          ||     3
Armor: Robe              ||    11
Dodge: Dodged            ||    50
